 Dungeon Crawl Stone Soup version 0.30-a0-800-g7c544603b3 (webtiles) character file.

Game seed: 740719698661487778

132 tio the Grave Robber (level 5, -2/35 HPs)
             Began as a Human Necromancer on Feb 22, 2023.
             Killed by nerve-wracking pain
             ... invoked by a shadow imp
              (8 damage)
             ... on level 3 of the Dungeon.
             The game lasted 00:15:14 (2804 turns).

tio the Grave Robber (Human Necromancer)            Turns: 2804, Time: 00:15:14

Health: -2/35      AC:  3    Str: 10    XL:     5   Next: 38%
Magic:  3/9        EV: 12    Int: 15    God:
Gold:   170        SH:  0    Dex: 14    Spells: 8/9 levels left

rFire   x . .      SeeInvis .    c - +1 spear (venom)
rCold   + . .      Faith    +    (no shield)
rNeg    . . .      Spirit   .    a - +0 robe
rPois   .          Reflect  .    e - +0 helmet
rElec   .          Harm     .    (no cloak)
rCorr   .          Rampage  .    (no gloves)
Will    .....                    (no boots)
Stlth   ++                       i - amulet of faith
HPRegen 0.25/turn                l - ring of ice
MPRegen 0.11/turn                (no ring)

@: no status effects
A: no striking features
a: no special abilities


You were on level 3 of the Dungeon.
You visited 1 branch of the dungeon, and saw 3 of its levels.

You collected 170 gold pieces.

Inventory:

Hand Weapons
 c - a +1 spear of venom (weapon)
 p - a +0 short sword of draining
Armour
 a - a +0 robe (worn)
 d - a +0 scale mail
 e - a +0 helmet (worn)
Jewellery
 i - an amulet of faith (around neck)
 l - a ring of ice (left hand)
Wands
 q - a wand of charming (5)
 r - a wand of flame (9)
Scrolls
 b - a scroll of fear {unknown}
 h - a scroll of identify
 m - 2 scrolls of noise {unknown}
Potions
 f - a potion of attraction
 g - 2 potions of invisibility {unknown}
 j - a potion of brilliance {unknown}
 k - a potion of resistance {unknown}
 n - a potion of flight {unknown}
 o - a potion of heal wounds {unknown}


   Skills:
 + Level 0.1 Fighting
 + Level 0.5 Polearms
 + Level 2.1 Dodging
 + Level 2.1 Stealth
 + Level 2.9 Spellcasting
 + Level 5.5 Necromancy


You had 8 spell levels left.
You knew the following spells:

 Your Spells              Type           Power      Damage    Failure   Level
a - Necrotise             Necr           72%        1d7       1%          1

Your spell library contained the following spells:

 Spells                   Type           Power      Damage    Failure   Level
 Vampiric Draining        Necr           18%        2d7       6%          3
 Animate Dead             Necr           18%        N/A       21%         4
 Agony                    Necr           18%        N/A       50%         5
 Stone Arrow              Conj/Erth      4%         3d7       52%         3
 Animate Armour           Summ/Erth      4%         N/A       90%         4
 Lehudib's Crystal Spear  Conj/Erth      1%         10d2      100%        8


Dungeon Overview and Level Annotations

Branches:
Dungeon (3/15)

Altars:
Qazlal
Zin

Shops:
D:1 (   D:3 (

Annotations:
D:3 1 transporter


Message History

Partly explored, unvisited transporter.
The orc priest shouts!
You hear a shout!
There is a transporter landing site here.
The orc priest shouts! x2
The shadow imp shouts!
Something shouts, "Scamper away, thou plume-plucked swag-bellied death-token!"
There is a transporter here.
You enter the transporter and appear at another place.
r - a wand of flame (9)
You open the door.
The orc priest writhes in agony.
The shadow imp shouts!
The orc priest miscasts a cantrip.
The orc priest writhes in agony.
The orc priest invokes the aid of Beogh against you.
Beogh smites you!
The orc priest writhes in agony.
The orc priest looks braver for a moment.
The shadow imp gestures at you.
You barely resist.
You can't see any susceptible monsters within range! (Use Z to cast anyway.)
You can't see any susceptible monsters within range! (Use Z to cast anyway.)
You can't see any susceptible monsters within range! (Use Z to cast anyway.)
You can't see any susceptible monsters within range! (Use Z to cast anyway.)
You can't see any susceptible monsters within range! (Use Z to cast anyway.)
You can't see any susceptible monsters within range! (Use Z to cast anyway.)
There is an open door here.
The orc priest writhes in agony.
The orc priest begins to cast a cantrip, but forgets the words!
The shadow imp shouts, "Begone, thou horrid rude-growing dingleberry!"
The orc priest calls down the wrath of Beogh upon you.
Pain shoots through your body!
The orc priest barely resists.
The orc priest barely resists.
The orc priest calls down the wrath of Beogh upon you.
Pain shoots through your body!
* * * LOW HITPOINT WARNING * * *
The shadow imp gestures at you. Pain shoots through your body!
You die...

#......####...######.### ######.#
###.## #...# #.###...# ###.#
##.##....#### #.# ####
#.....©.....######.# ...#
#.#########........# # ##.#
#.#8P.©.P8#.######## # #.#
#.#P.....P#.# ### #.#
######.####@####.# #.. #.#
#......#5≈...≈o#.# ###.. #.#
#.####.#o≈...≈o#.# #.... #.# #.#
#.#.≈~~~≈5#.#######.#.. #.# #.#
#.#.≈P♣~≈.#.........#>. ##.###.#
#.#.≈~~P≈.#.#.######### .......#
#.#.≈...≈.#............
.......####.#.≈...≈.#.........###
##..........####+####.#.#####.#


You could see 3 orc priests and 2 shadow imps.

Vanquished Creatures
  4 adders
  4 gnolls (D:3)
  A dart slug (D:2)
  2 orcs (D:3)
  7 ball pythons
  5 bats
  5 endoplasms
  7 giant cockroaches
  3 hobgoblins (D:2)
  2 jackals (D:3)
  3 quokkas
  A frilled lizard (D:3)
  4 kobolds
  5 rats
53 creatures vanquished.

Vanquished Creatures (collateral kills)
  A goblin (D:2)
  A rat (D:3)
2 creatures vanquished.

Grand Total: 55 creatures vanquished

Notes
Turn   | Place    | Note
-------+----------+-------------------------------------------
     0 | D:1      | tio the Human Necromancer began the quest for the Orb.
     0 | D:1      | Reached XP level 1. HP: 13/13 MP: 3/3
   154 | D:1      | Reached XP level 2. HP: 15/19 MP: 5/5
   398 | D:1      | Found Haaphaeth's Antique Weapon Shoppe.
   834 | D:1      | Reached XP level 3. HP: 24/24 MP: 3/6
  1324 | D:2      | Reached XP level 4. HP: 30/30 MP: 7/7
  1426 | D:2      | Reached skill level 5 in Necromancy
  2143 | D:3      | Found a transporter.
  2197 | D:3      | Found a stormy altar of Qazlal.
  2283 | D:3      | Reached XP level 5. HP: 34/35 MP: 1/9
  2427 | D:3      | Found a transporter.
  2461 | D:3      | Found Xidwekask's Antique Weapon Boutique.
  2465 | D:3      | Found a glowing silver altar of Zin.
  2804 | D:3      | Killed from afar by a shadow imp

Illustrated notes

Levels and vault maps discovered:
D:1:      eino_arrival_druids_welcome, layout_loops_cross, serial_shops, shop,
          nrook_mini_vaults
D:2:      layout_rooms, minmay_tall_x
D:3:      gammafunk_wand_slinger, layout_loops_ring, zin_academy,
          mainiacjoe_overflow_concentric_impassable, serial_shops, shop

Skill      XL: |  1  2  3  4 |
---------------+-------------+-----
Necromancy     | 5 |  5.5
Fighting       | |  0.1
Polearms       | |  0.5
Dodging        | |  2.1
Stealth        | |  2.1
Spellcasting   | |  2.9

Action                     |  1- 3 |  4- 6 || total
---------------------------+-------+-------++-------
  Melee: Spear             |    23 |    17 ||    40
   Cast: Necrotise         |    44 |    50 ||    94
    Use: Scroll            |     2 |     2 ||     4
         Potion            |       |     1 ||     1
   Stab: Sleeping          |       |     1 ||     1
 Armour: Robe              |       |    12 ||    12
  Dodge: Dodged            |    12 |    27 ||    39

Table legend: (Time is in decaauts)
 A = Elapsed time spent in this place.
 B = Non-inter-level travel time spent in this place.
 C = Inter-level travel time spent in this place.
 D = Time resting spent in this place.
 E = Time spent auto-exploring this place.
 F = Levels seen in this place.
 G = Mean time per level.
                   A        B        C        D        E       F      G
               +--------+--------+--------+--------+--------+-----+--------+
         Total |   2807 |   2552 |    255 |      0 |   2178 |   3 |  935.7 |
       Dungeon |   2807 |   2552 |    255 |      0 |   2178 |   3 |  935.7 |
               +--------+--------+--------+--------+--------+-----+--------+

Top non-repeatable levels by time:
     D:3: 1106 daAuts
     D:1: 991 daAuts
     D:2: 709 daAuts
